 Dungeon Crawl Stone Soup version 0.30-a0-42-g806c11bf1d (webtiles) character file.

Game seed: 1263414399491141626

3151 riojii the Fighter (level 9, 0/83 HPs)
             Began as a Ghoul Fighter on Aug 30, 2022.
             Was a Follower of Makhleb.
             Slain by a wight
             ... wielding a +0 short sword
              (1 damage)
             ... on level 8 of the Dungeon.
             The game lasted 00:07:59 (6248 turns).

riojii the Fighter (Ghoul Fighter)                  Turns: 6248, Time: 00:07:59

Health: 0/83       AC: 16    Str: 24    XL:     9   Next: 93%
Magic:  8/8        EV:  6    Int:  3    God:    Makhleb [*.....]
Gold:   343        SH:  4    Dex:  8    Spells: 8/8 levels left

rFire   . . .      SeeInvis .      - Unarmed
rCold   + . .      Faith    .    b - +0 buckler
rNeg    + + +      Spirit   .    r - +0 plate armour
rPois   ∞          Reflect  .    F - +2 hat
rElec   .          Harm     .    w - +1 cloak {Will+}
rCorr   .          Rampage  .    (no gloves)
Will    +....                    (no boots)
Stlth   ..........               (no amulet)
HPRegen 0.00/turn                m - ring of flight
MPRegen 0.11/turn                (no ring)

@: flying, inhibited regen, studying Ranged Weapons
A: claws 1, cold resistance 1, negative energy resistance 3, inhibited
regeneration, torment resistance 2, devour on kill
a: Renounce Religion


You were on level 8 of the Dungeon.
You worshipped Makhleb.
Makhleb was aware of your devotion.
You visited 2 branches of the dungeon, and saw 9 of its levels.

You collected 343 gold pieces.

Inventory:

Armour
 b - a +0 buckler (worn)
 r - a +0 plate armour (worn)
 s - a +0 helmet
 w - a +1 cloak of willpower (worn)
 y - a +2 cloak of poison resistance
 F - a +2 hat (worn)
Jewellery
 m - a ring of flight (left claw)
 n - a ring of wizardry
Wands
 q - a wand of light (6)
Scrolls
 a - a scroll of vulnerability {unknown}
 d - 2 scrolls of noise {unknown}
 g - a scroll of enchant weapon {unknown}
 i - 7 scrolls of teleportation
 o - a scroll of fog
 p - 2 scrolls of magic mapping {unknown}
 t - a scroll of silence {unknown}
 u - 2 scrolls of blinking {unknown}
 v - 3 scrolls of poison
 A - 3 scrolls of acquirement {unknown}
 B - a scroll of amnesia {unknown}
 C - a scroll of enchant armour {unknown}
 E - a scroll of fear {unknown}
Potions
 c - a potion of berserk rage {unknown}
 e - a potion of cancellation
 h - 3 potions of brilliance
 j - 5 potions of curing
 k - 3 potions of mutation
 l - 3 potions of resistance
 x - a potion of lignification
 z - a potion of heal wounds {unknown}


   Skills:
 * Level 9.3 Fighting
 + Level 5.7 Armour
 + Level 5.6 Shields
 * Level 8.9 Unarmed Combat


You had 8 spell levels left.
You didn't know any spells.
Your spell library contained the following spells:

 Spells                   Type           Power      Damage    Failure   Level
 Poisonous Vapours        Pois/Air       0%         N/A       100%        2
 Tukima's Dance           Hex            0%         N/A       100%        3
 Corpse Rot               Necr/Pois/Air  0%         N/A       100%        4
 Passage of Golubria      Tloc           0%         N/A       100%        4
 Yara's Violent Unravell  Hex/Tmut       0%         3d3       100%        5


Dungeon Overview and Level Annotations

Branches:
Dungeon (8/15)             Temple (1/1) D:5
   Lair: D:8-11

Altars:
Ashenzari
Cheibriados
Dithmenos
Hepliaklqana
Makhleb
Nemelex Xobeh
Okawaru
Qazlal
Ru
Sif Muna
Trog
Uskayaw
Vehumet
Xom
Yredelemnul


Innate Abilities, Weirdness & Mutations

You are immune to poison.
You have sharp fingernails.
Your flesh is cold resistant. (rC+)
You are immune to negative energy. (rN+++)
You do not regenerate when monsters are visible.
You are immune to unholy pain and torment.
You thrive by killing the living.


Message History

The wight hits you but does no damage. The wight hits you with a +2 mace.
The wight hits you with a +4 morningstar.
The wight closely misses you. The wight hits you but does no damage.
You scratch the wight.
The wight is almost destroyed.
The wight hits you but does no damage. The wight hits you with a +2 mace!
The wight hits you with a +4 morningstar!
* * * LOW HITPOINT WARNING * * *
The wight hits you with a +3 hand axe!
* * * LOW HITPOINT WARNING * * *
The wight hits you with a +2 dagger.
* * * LOW HITPOINT WARNING * * *
You are too injured to fight recklessly!
You are too injured to fight recklessly!
You are too injured to fight recklessly!
You are too injured to fight recklessly!
You are too injured to fight recklessly!
You are too injured to fight recklessly!
You are too injured to fight recklessly!
You are too injured to fight recklessly!
You are too injured to fight recklessly!
You are too injured to fight recklessly!
You are too injured to fight recklessly!
You are too injured to fight recklessly!
You are too injured to fight recklessly!
You are too injured to fight recklessly!
You are too injured to fight recklessly!
You are too injured to fight recklessly!
The air fills with toxic fumes!
As you read the scroll labelled SESATZUODYFO, it crumbles to dust.
It was a scroll of poison.
The wight hits you but does no damage. The wight hits you with a +2 mace!
* * * LOW HITPOINT WARNING * * *
The wight hits you with a +4 morningstar.
* * * LOW HITPOINT WARNING * * *
The wight hits you but does no damage. x2
As you read the scroll labelled ZUPUTY GEUD, it crumbles to dust.
The scroll dissolves into smoke.
It was a scroll of fog.
The wight hits you with a +0 short sword.
You die...

########+#..........
.§§§§§§§§#..§§......#
#§§§§§§§#.§§§......#
§##§§§§§§§#§§§§......#
§§§§§§§§§§#§§........#
§§§§§§§§§§§§.........#
.§§§§§§§§#..........#
###§z§§§#.......(..#
#§z@§§#.........<#
§§§§§§zzz§#..........#
§§§§§§§§§§#.....#####...
§§§§§§§§§§#.....# ...
§§§§§§§§§§#.....# ...
§§§§§§§§§§#.....# ...
###########.....# ...
####### ###


You could see 5 wights.

Vanquished Creatures
  Pikel (D:4)
  A slime creature (D:7)
  A shadow (D:7)
  The ghost of gregwegmann the Chopper, an amateur HOFi (D:3)
  2 water moccasins
  A sky beast (D:7)
  3 black bears
  3 ogres
  A necrophage (D:5)
  A bullfrog (D:6)
  4 scorpions
  3 howler monkeys
  2 jellies
  2 gnoll boudas
  5 orc priests
  2 hounds
  2 iguanas (D:7)
  6 orc wizards
  21 gnolls
  9 adders
  2 shadow imps
  A white imp (D:7)
  An ufetubus (D:7)
  25 orcs
  6 bats
  7 endoplasms
  A giant cockroach (D:3)
  2 goblins
  8 hobgoblins
  2 jackals (D:4)
  5 kobolds
  5 quokkas
  6 ball pythons
  5 frilled lizards
147 creatures vanquished.

Vanquished Creatures (others)
  3 plants (D:3)
3 creatures vanquished.

Grand Total: 150 creatures vanquished

Notes
Turn   | Place    | Note
-------+----------+-------------------------------------------
     0 | D:1      | riojii the Ghoul Fighter began the quest for the Orb.
     0 | D:1      | Reached XP level 1. HP: 19/19 MP: 0/0
   111 | D:1      | Reached XP level 2. HP: 26/26 MP: 1/1
   610 | D:2      | Reached XP level 3. HP: 33/33 MP: 2/2
  1393 | D:3      | Reached skill level 4 in Fighting
  1505 | D:3      | Reached XP level 4. HP: 39/40 MP: 3/3
  1606 | D:3      | Found a faded altar of an unknown god.
  1696 | D:3      | Found a runed translucent gate.
  1696 | D:3      | Found a runed translucent gate.
  1700 | D:3      | Found a runed translucent gate.
  1713 | D:3      | Noticed gregwegmann's ghost (amateur HOFi)
  2246 | D:3      | Reached XP level 5. HP: 44/47 MP: 4/4
  2255 | D:3      | Killed gregwegmann's ghost
  2256 | D:3      | Reached skill level 5 in Fighting
  2256 | D:3      | Reached XP level 6. HP: 29/56 MP: 5/5
  2642 | D:4      | Noticed Pikel
  2660 | D:4      | Killed Pikel
  2661 | D:4      | Reached skill level 6 in Fighting
  2661 | D:4      | Reached skill level 5 in Unarmed Combat
  2661 | D:4      | Reached XP level 7. HP: 29/64 MP: 6/6
  2897 | D:4      | Reached XP level 8. HP: 71/71 MP: 7/7
  3177 | D:5      | Entered Level 5 of the Dungeon
  3306 | D:5      | Reached skill level 7 in Fighting
  3545 | D:5      | Found a staircase to the Ecumenical Temple.
  3886 | Temple   | Entered the Ecumenical Temple
  4046 | Temple   | Became a worshipper of Makhleb the Destroyer
  4435 | D:6      | Reached skill level 5 in Armour
  4435 | D:6      | Reached XP level 9. HP: 81/81 MP: 8/8
  4581 | D:6      | Reached skill level 8 in Fighting
  4901 | D:6      | Reached skill level 5 in Shields
  5372 | D:7      | Found a basalt altar of Yredelemnul.
  5376 | D:7      | Identified the +4 ring mail of Bitterness {MP+9}
  5402 | D:7      | Reached * piety under Makhleb
  5748 | D:7      | Reached skill level 9 in Fighting
  5975 | D:7      | Found a shimmering blue altar of Sif Muna.
  6151 | D:7      | Found a bloodstained altar of Trog.
  6247 | D:8      | HP: 1/83 [wight/+4 morningstar (4)]
  6248 | D:8      | Slain by a wight

Illustrated notes

Levels and vault maps discovered:
D:1:      dpeg_arrival_three_same_balls, layout_rooms, minmay_fountain_box,
          minmay_pentomino_q4
D:2:      layout_loops_ring, serial_rivers, chequers_serial_rivers_small_b,
          chequers_serial_rivers_small_a, chequers_serial_rivers_micro_a,
          chequers_serial_rivers_small_3
D:3:      layout_basic, nicolae_elyvilon_temple_path, gammafunk_ghost_split,
          ebering_ecumenical_altar_webs, serial_corexii_hall,
          chequers_hall_statues_y, corexii_hall_statues_t,
          chequers_hall_statues_y, corexii_hall_statues_l,
          chequers_serial_rivers_room_a, corexii_hall_statues_u
D:4:      layout_basic, uniq_pikel
D:5:      layout_basic, minmay_temple_entry_sparse_star
D:6:      layout_gridville
D:7:      layout_rooms, trog_ov_bears_minmay, yredelemnul_altar_generic,
          mainiacjoe_overflow_concentric_impassable, minmay_manual_mess
D:8:      layout_gridville, erik_lair_dragon, uniq_joseph, uniq_prince_ribbit1
Temple:   nicolae_temple_bog_church

Skill      XL: |  1  2  3  4  5  6  7  8  9 |
---------------+----------------------------+-----
Armour         | 3 4 5 |  5.7
Shields        | 3 4 5 |  5.6
Unarmed Combat | 3 4 5 7 8 |  8.9
Fighting       | 4 5 6 7 9 |  9.3

Action                   |  1- 3 |  4- 6 |  7- 9 || total
-------------------------+-------+-------+-------++-------
Melee: Unarmed           |   122 |   120 |   374 ||   616
  Use: Scroll            |       |     3 |     8 ||    11
       Potion            |       |     1 |       ||     1
Armor: Scale mail        |    61 |    19 |       ||    80
       Plate armour      |       |    37 |   224 ||   261
Dodge: Dodged            |    48 |    39 |   106 ||   193
Block: Buckler           |    24 |    26 |    62 ||   112

Table legend: (Time is in decaauts)
 A = Elapsed time spent in this place.
 B = Non-inter-level travel time spent in this place.
 C = Inter-level travel time spent in this place.
 D = Time resting spent in this place.
 E = Time spent auto-exploring this place.
 F = Levels seen in this place.
 G = Mean time per level.
                   A        B        C        D        E       F      G
               +--------+--------+--------+--------+--------+-----+--------+
         Total |   6207 |   5885 |    322 |      0 |   4772 |   9 |  689.7 |
       Dungeon |   6024 |   5748 |    276 |      0 |   4647 |   8 |  753.0 |
        Temple |    182 |    136 |     46 |      0 |    125 |   1 |  182.0 |
               +--------+--------+--------+--------+--------+-----+--------+

Top non-repeatable levels by time:
     D:6: 1270 daAuts
     D:3: 1109 daAuts
     D:7: 844 daAuts
     D:2: 756 daAuts
     D:4: 750 daAuts
     D:5: 714 daAuts
     D:1: 554 daAuts
  Temple: 182 daAuts
     D:8: 26 daAuts
